 Dungeon Crawl Stone Soup version 0.30.0-29-ga12c61a403 (webtiles) character file.

Game seed: 1862822614195206350

2188 cdecastro the Fighter (level 9, -5/85 HPs)
             Began as a Ghoul Fighter on June 23, 2023.
             Was an Initiate of Ru.
             Killed from afar by a steam dragon (17 damage)
             ... with a ball of steam
             ... on level 7 of the Dungeon.
             The game lasted 00:11:36 (6235 turns).

cdecastro the Fighter (Ghoul Fighter)               Turns: 6235, Time: 00:11:37

Health: -5/85      AC: 11    Str: 22    XL:     9   Next: 33%
Magic:  8/8        EV:  9    Int:  3    God:    Ru [......]
Gold:   121        SH:  4    Dex:  8    Spells: 8/8 levels left

rFire   . .          .
                       - Unarmed
rCold   + . .        b - +0 buckler
rNeg    + + +        a - +0 scale mail
rPois   ∞            l - +1 hat
rElec   .            (no cloak)
rCorr   +            (no gloves)
SInv    .            (no boots)
Will    .....        M - amulet of the acrobat Stlth
                     s - ring of resist corrosion
HPRegen 0.00/turn    w - +4 ring of protection
MPRegen 0.11/turn

%: acrobat
@: inhibited regen
A: claws 1, cold resistance 1, negative energy resistance 3, inhibited
regeneration, torment resistance 2, weak 1, devour on kill
a: Renounce Religion


You were on level 7 of the Dungeon.
You worshipped Ru.
Ru was noncommittal.
You visited 2 branches of the dungeon, and saw 8 of its levels.

You collected 422 gold pieces.
You spent 301 gold pieces at shops.

Inventory:

Missiles
 i - 7 boomerangs (quivered)
 q - 8 javelins
 z - 4 poisoned darts
 B - 2 curare-tipped darts
Armour
 a - a +0 scale mail (worn)
 b - a +0 buckler (worn)
 l - a +1 hat (worn)
 E - a +0 pair of gloves
Jewellery
 p - an amulet of reflection
 s - a ring of resist corrosion (left claw)
 u - a ring of protection from cold
 w - a +4 ring of protection (right claw)
 y - an amulet of magic regeneration
 M - an amulet of the acrobat (around neck)
Wands
 v - a wand of roots (13)
 H - a wand of polymorph (6)
Scrolls
 c - a scroll of poison {unknown}
 e - 9 scrolls of identify {unknown}
 f - 3 scrolls of enchant weapon {unknown}
 j - 5 scrolls of fear {unknown}
 m - a scroll of amnesia {unknown}
 o - 2 scrolls of teleportation {unknown}
 D - a scroll of enchant armour {unknown}
 G - a scroll of brand weapon {unknown}
 I - 2 scrolls of noise {unknown}
 J - a scroll of summoning {unknown}
 K - a scroll of vulnerability {unknown}
 L - a scroll of fog {unknown}
Potions
 d - 3 potions of lignification {unknown}
 g - a potion of mutation {unknown}
 h - a potion of haste {unknown}
 k - 3 potions of berserk rage {unknown}
 n - a potion of magic {unknown}
 r - 2 potions of resistance {unknown}
 t - 2 potions of curing {unknown}
 x - 3 potions of heal wounds {unknown}
 A - a potion of degeneration {unknown}
 C - a potion of attraction {unknown}
 F - a potion of flight {unknown}
 N - 2 potions of cancellation {unknown}


   Skills:
 + Level 10.0 Fighting
 - Level 2.6 Armour
 - Level 2.6 Shields
 + Level 9.6 Unarmed Combat


You had 8 spell levels left.
You didn't know any spells.
Your spell library was empty.

Dungeon Overview and Level Annotations

Branches:
Dungeon (7/15)             Temple (1/1) D:4

Altars:
Ashenzari
Cheibriados
Dithmenos
Fedhas
Gozag
Hepliaklqana
Kikubaaqudgha
Makhleb
Nemelex Xobeh
Okawaru
Qazlal
Ru
Sif Muna
Trog
Uskayaw
Vehumet
Wu Jian
Xom
Yredelemnul

Shops:
D:5 **=((


Innate Abilities, Weirdness & Mutations

You are immune to poison.
You have sharp fingernails.
Your flesh is cold resistant. (rC+)
You are immune to negative energy. (rN+++)
You do not regenerate when monsters are visible.
You are immune to unholy pain and torment.
You are weak. (Str -2)
You thrive by killing the living.


Message History

You scratch the steam dragon but do no damage.
The steam dragon is moderately wounded.
The steam dragon breathes steam at you. The ball of steam hits you!!
* * * LOW HITPOINT WARNING * * *
You are engulfed in a cloud of scalding steam.
* * * LOW HITPOINT WARNING * * *
The steam dragon closely misses you. The steam dragon barely misses you.
You scratch the steam dragon.
The steam dragon is moderately wounded.
You are engulfed in a cloud of scalding steam.
* * * LOW HITPOINT WARNING * * *
The steam dragon bites you.
* * * LOW HITPOINT WARNING * * *
The steam dragon claws you.
* * * LOW HITPOINT WARNING * * *
You scratch the steam dragon.
The steam dragon is heavily wounded.
Unknown command.
You scratch the steam dragon.
The steam dragon is heavily wounded.
The steam dragon bites you but does no damage.
The steam dragon claws you but does no damage.
Unknown command.
You closely miss the steam dragon.
The steam dragon is heavily wounded.
You are engulfed in a cloud of scalding steam.
* * * LOW HITPOINT WARNING * * *
The steam dragon closely misses you. The steam dragon barely misses you.
Unknown command.
You claw the steam dragon!
The steam dragon is almost dead.
The steam dragon barely misses you. The steam dragon claws you.
* * * LOW HITPOINT WARNING * * *
Unknown command.
You scratch the steam dragon.
The steam dragon is almost dead.
The steam dragon breathes steam at you. The ball of steam hits you!
You die...

#....##.####### #. ##
#....##.......####....
.#####.....#...............
.....'....................
.#####...#..######.##.#.#.
## #...##..# #§# .. .
#...##..# #.##.#..#.
.....##..#####......§..
......##.....@D.......§.
..............#.####..##
##.........#.#.# D#
....$.#.#.# ..... #...#
..... ##..# .... ..>. ....
..### .#


You could see a steam dragon (catching breath).

Vanquished Creatures
  Grinder (D:5)
  Menkaure (D:5)
  Duvessa (D:4)
  An orc warrior (D:7)
  2 ice beasts (D:5)
  A sky beast (D:7)
  A black bear (D:7)
  An ogre (D:7)
  A phantom (D:7)
  2 bullfrogs (D:7)
  3 scorpions
  Dowan (D:4)
  A howler monkey (D:6)
  5 hounds
  2 jellies
  An orc priest (D:6)
  2 sleepcaps
  4 iguanas
  Natasha (thrice) (D:4)
  3 orc wizards
  4 gnolls
  3 adders
  2 shadow imps (D:7)
  4 white imps
  2 worms
  3 dart slugs
  24 orcs
  5 bats
  6 endoplasms
  2 giant cockroaches
  4 goblins
  3 hobgoblins
  7 quokkas
  3 ball pythons
  8 kobolds
  4 rats
121 creatures vanquished.

Vanquished Creatures (others)
  A shadow imp (D:7)
1 creature vanquished.

Grand Total: 122 creatures vanquished

Notes
Turn   | Place    | Note
-------+----------+-------------------------------------------
     0 | D:1      | cdecastro the Ghoul Fighter began the quest for the Orb.
     0 | D:1      | Reached XP level 1. HP: 19/19 MP: 0/0
   263 | D:1      | Reached XP level 2. HP: 26/26 MP: 1/1
  1041 | D:1      | Reached XP level 3. HP: 33/33 MP: 2/2
  1245 | D:2      | Reached skill level 4 in Fighting
  1944 | D:3      | Found a blossoming altar of Fedhas.
  2013 | D:3      | Found a sacrificial altar of Ru.
  2115 | D:3      | Became a worshipper of Ru the Awakened
  2207 | D:3      | Reached XP level 4. HP: 41/41 MP: 3/3
  2346 | D:3      | Found a broken altar of Ashenzari.
  2625 | D:4      | Noticed Dowan
  2629 | D:4      | Noticed Duvessa
  2640 | D:4      | HP: 2/41 [Duvessa/+0 rapier (8)]
  2800 | D:4      | Killed Duvessa
  2801 | D:4      | Reached skill level 5 in Fighting
  2801 | D:4      | Reached XP level 5. HP: 31/48 MP: 4/4
  2801 | D:4      | Killed Dowan
  2802 | D:4      | Reached XP level 6. HP: 39/56 MP: 5/5
  2870 | D:4      | Reached skill level 5 in Unarmed Combat
  2881 | D:4      | Noticed Natasha
  2897 | D:4      | Killed Natasha
  3018 | D:4      | Noticed Natasha
  3041 | D:4      | Killed Natasha
  3080 | D:4      | Found a staircase to the Ecumenical Temple.
  3092 | Temple   | Entered the Ecumenical Temple
  3292 | D:4      | Found an iron altar of Okawaru.
  3319 | D:4      | Reached skill level 6 in Fighting
  3325 | D:4      | Noticed Natasha
  3330 | D:4      | Killed Natasha
  3394 | D:4      | Reached XP level 7. HP: 57/64 MP: 6/6
  3555 | D:5      | Entered Level 5 of the Dungeon
  3566 | D:5      | Found Yrchobo's Jewellery Emporium.
  3574 | D:5      | Gained mutation: You are weak. (Str -2) [Ru sacrifice]
  3577 | D:5      | Noticed Grinder
  3597 | D:5      | Paralysed by Grinder for 5 turns
  3604 | D:5      | Killed Grinder
  3651 | D:5      | Reached skill level 7 in Fighting
  3929 | D:5      | Noticed Menkaure
  3938 | D:5      | Killed Menkaure
  3939 | D:5      | Reached XP level 8. HP: 49/73 MP: 7/7
  4276 | D:5      | Found Cosom's Assorted Antiques.
  4279 | D:5      | Bought a scroll labelled OWICHIR POICON for 22 gold pieces
  4279 | D:5      | Bought a scroll labelled JOSSIC GEUCH for 22 gold pieces
  4279 | D:5      | Bought a glowing pink potion for 19 gold pieces
  4279 | D:5      | Bought a sedimented emerald potion for 19 gold pieces
  4279 | D:5      | Bought a scroll labelled FUMMUF BEATET for 22 gold pieces
  4308 | D:5      | Found Zobuneh's Assorted Antiques.
  4313 | D:5      | Bought a metallic cyan potion for 22 gold pieces
  4313 | D:5      | Bought an encrusted fluorescent wand for 100 gold pieces
  4313 | D:5      | Bought a scroll labelled WYB QATWECHISASAG for 25 gold
                  | pieces
  4313 | D:5      | Bought a scroll labelled WIMMEOMM EDAMI for 25 gold pieces
  4313 | D:5      | Bought a scroll labelled UQEROSHEROE for 25 gold pieces
  4417 | D:5      | Reached skill level 8 in Fighting
  4703 | D:5      | Found Borayst's Weapon Shoppe.
  4761 | D:5      | Found Ruastrif's Weapon Boutique.
  4890 | D:6      | Found a snail-covered altar of Cheibriados.
  5238 | D:6      | Reached skill level 9 in Fighting
  5357 | D:6      | Found a hide-covered altar of Uskayaw.
  5568 | D:7      | Found a shadowy altar of Dithmenos.
  5590 | D:7      | Reached XP level 9. HP: 79/83 MP: 8/8
  5876 | D:7      | Identified the +10 ring mail "Cizagge" {rC+}
  5936 | D:7      | Reached skill level 10 in Fighting
  6235 | D:7      | Killed from afar by a steam dragon

Illustrated notes

Levels and vault maps discovered:
D:1:      dpeg_arrival_water_fire, layout_loops_corners, minmay_misc_feat_x
D:2:      layout_basic, st_stairs_13
D:3:      wad_woods_stonehenge, layout_basic, fedhas_altar_1,
          mainiacjoe_overflow_catwalk
D:4:      layout_rooms, mainiacjoe_overflow_cross_hatched,
          minmay_temple_entry_mist, uniq_duvessa, uniq_natasha
D:5:      nicolae_cairo_tiling_large_dashed, layout_loops_ring, serial_shops,
          shop, kennysheep_mini, nicolae_shop_real_fake_doors, shop, shop,
          kennysheep_generic_room_12, uniq_menkaure, uniq_grinder
D:6:      layout_rooms, mainiacjoe_overflow_small_starburst,
          nicolae_uskayaw_suspiria, amcnicky_mini_pool_small,
          chequers_serial_rivers_micro_b
D:7:      minmay_general_purpose_star, layout_basic,
          nicolae_dithmenos_the_darkroom, minivault_26
Temple:   lightli_temple_of_artemis

Skill      XL: |  1  2  3  4  5  6  7  8  9 |
---------------+----------------------------+-----
Unarmed Combat | 3 4 5 7 8 9 |  9.6
Fighting       | 4 5 6 7 9 10 | 10.0
Armour         | |  2.6
Shields        | |  2.6

Action                     |  1- 3 |  4- 6 |  7- 9 || total
---------------------------+-------+-------+-------++-------
  Melee: Unarmed           |   126 |   143 |   247 ||   516
  Throw: Boomerang         |       |       |     2 ||     2
 Invoke: Sacrifice Purity  |       |       |     1 ||     1
    Use: Potion            |       |     2 |     1 ||     3
 Armour: Scale mail        |    40 |    41 |    82 ||   163
  Dodge: Dodged            |    44 |    28 |    85 ||   157
  Block: Buckler           |    31 |    42 |    66 ||   139
         Reflection        |     2 |     1 |       ||     3
